 Dungeon Crawl Stone Soup version 0.20.1-1-g8b1a95d (webtiles) character file.

223 Romulous the Shield-Bearer (level 5, -5/47 HPs)
             Began as a Minotaur Fighter on Nov 1, 2017.
             Killed by nerve-wracking pain
             ... invoked by letownia2's ghost
              (13 damage)
             ... on level 4 of the Dungeon.
             The game lasted 00:09:44 (2416 turns).

Romulous the Shield-Bearer (Minotaur Fighter)       Turns: 2416, Time: 00:09:45

Health: -5/47      AC: 11    Str: 26    XL:     5   Next: 66%
Magic:  4/4        EV:  5    Int:  5    God:
Gold:   114        SH: 10    Dex:  9    Spells: 4/4 levels left

rFire    . . .     SeeInvis .   a - +0 war axe
rCold    . . .     Gourm    .   c - +0 shield
rNeg     . . .     Faith    .   m - +0 plate armour
rPois    .         Spirit   .   y - +0 hat
rElec    .         Reflect  .   (no cloak)
rCorr    .         Harm     .   (no gloves)
MR       .....                  (no boots)
Stlth    ..........             (no amulet)
Regen    0.2/turn               o - ring of wizardry
MPRegen  0.1/turn               i - +4 ring of strength

@: no status effects
A: retaliatory headbutt, horns 2
a: no special abilities


You were on level 4 of the Dungeon.
You were not hungry.

You visited 1 branch of the dungeon, and saw 4 of its levels.

You collected 114 gold pieces.

Inventory:

Hand Weapons
 a - a +0 war axe (weapon)
Missiles
 q - 6 exploding tomahawks (quivered)
Armour
 c - a +0 shield (worn)
 m - a +0 plate armour (worn)
 y - a +0 hat (worn)
Jewellery
 i - a +4 ring of strength (right hand)
 o - a ring of wizardry (left hand)
 u - an uncursed ring of poison resistance {unknown}
Wands
 t - a wand of flame (26/48)
Scrolls
 b - 2 scrolls of amnesia {unknown}
 g - 3 scrolls of teleportation
 l - 2 scrolls of identify {unknown}
 n - 2 scrolls of remove curse {unknown}
 p - a scroll of magic mapping {unknown}
 s - a scroll of fear {unknown}
 v - a scroll of enchant armour {unknown}
 x - a scroll of enchant weapon {unknown}
Potions
 d - a potion of might
 e - a potion of flight {unknown}
 j - 2 potions of lignification {unknown}
 k - a potion of haste {unknown}
 w - a potion of curing {unknown}
 z - a potion of cancellation {unknown}
Comestibles
 h - a bread ration
 r - a royal jelly


   Skills:
 + Level 4.7 Fighting
 + Level 4.7 Axes
 + Level 4.3 Armour
 + Level 1.0 Dodging
 + Level 0.3 Stealth
 + Level 4.9 Shields


You had 4 spell levels left.
You didn't know any spells.

Dungeon Overview and Level Annotations

Branches:
Dungeon (4/15)
 Temple: D:4-7

Altars:
Gozag
Ru

Annotations:
D:4 letownia2's ghost, weakling DDNe


Innate Abilities, Weirdness & Mutations

You reflexively headbutt those who attack you in melee.
You have a pair of horns on your head.


Message History

An ogre comes into view. It is wielding a giant club.
The ogre shouts!
There is a stone staircase leading up here.
Found a stone staircase leading down.
You hit the ogre but do no damage. You headbutt the ogre.
The ogre is moderately wounded.
The ogre hits you with a giant club!
You slash the ogre!
The ogre is almost dead.
The ogre hits you with a giant club! The ogre hits you with a giant club!!
* * * LOW HITPOINT WARNING * * *
You hit the ogre. You headbutt the ogre.
You kill the ogre!
Your Dodging skill increases to level 1!
You see here a giant club.
You start resting.
Letownia2's ghost (weakling Deep Dwarf Necromancer) comes into view.
It is wielding a weapon of venom.
Letownia2's ghost casts a spell at you. Pain shoots through your body!
You die...

..###...## #..
..........
#...........>
#.... .......
#... #.....
####...##...##
#............#
#..........<.#
#........@...#
#......).....#
#............#
##..W####...##
#.. #+### ...
.. .


You could see letownia2's ghost.

Vanquished Creatures
  An ogre (D:4)
  3 gnolls (D:3)
  4 adders
  2 worms (D:2)
  A dart slug (D:1)
  A leopard gecko (D:2)
  An orc (D:3)
  3 ball pythons
  13 bats
  5 giant cockroaches
  8 goblins
  8 hobgoblins
  4 jackals (D:3)
  6 frilled lizards
  5 kobolds
  5 rats
  A plant (D:2)
71 creatures vanquished.

Notes
Turn   | Place    | Note
-------+----------+-------------------------------------------
     0 | D:1      | Romulous the Minotaur Fighter began the quest for the Orb.
     0 | D:1      | Reached XP level 1. HP: 19/19 MP: 0/0
   106 | D:1      | Reached XP level 2. HP: 25/27 MP: 1/1
   548 | D:1      | Reached XP level 3. HP: 33/33 MP: 2/2
   797 | D:2      | Found a sacrificial altar of Ru.
   820 | D:2      | Found an opulent altar of Gozag.
  1454 | D:2      | Reached XP level 4. HP: 41/41 MP: 3/3
  2235 | D:3      | Reached XP level 5. HP: 47/47 MP: 4/4
  2406 | D:4      | Noticed an ogre
  2412 | D:4      | Killed an ogre
  2412 | D:4      | Reached skill level 1 in Dodging
  2415 | D:4      | Noticed letownia2's ghost (weakling DDNe)
  2416 | D:4      | Killed from afar by letownia2's ghost

Skill      XL: |  1  2  3  4  5 |
---------------+----------------+-----
Shields        | 4 |  4.9
Fighting       | 4 |  4.7
Armour         | 4 |  4.3
Axes           | 3 4 |  4.7
Dodging        | 1 |  1.0
Stealth        | |  0.3

Action                   |  1- 3 |  4- 6 || total
-------------------------+-------+-------++-------
Melee: War axe           |   109 |    58 ||   167
       Headbutt          |    21 |    10 ||    31
  Use: Scroll            |       |     1 ||     1
  Eat: Bread ration      |     1 |     1 ||     2
Armor: Scale mail        |    28 |       ||    28
       Plate armour      |    25 |    35 ||    60
Dodge: Dodged            |    31 |    15 ||    46
Block: Shield            |    79 |    35 ||   114
